 Dungeon Crawl Stone Soup version 0.26.1-11-gd32895ea62 (webtiles) character file.

Game seed: 13387249437620721261

693 dtburroughs the Chopper (level 7, 0/62 HPs)
             Began as a Minotaur Berserker on May 11, 2021.
             Was a Priest of Trog.
             Slain by a leopard gecko (4 damage)
             ... on level 5 of the Dungeon.
             The game lasted 00:09:05 (5672 turns).

dtburroughs the Chopper (Minotaur Berserker)        Turns: 5672, Time: 00:09:06

Health: 0/62       AC:  0    Str: 21    XL:     7   Next: 37%
Magic:  6/6        EV:  5    Int:  6    God:    Trog [***...]
Gold:   245        SH:  8    Dex: 10    Spells: 6/6 levels left

rFire    . . .     SeeInvis .   a - +0 hand axe
rCold    + . .     Faith    +   B - +0 kite shield
rNeg     . . .     Spirit   .   h - +0 plate armour
rPois    .         Reflect  .   (helmet restricted)
rElec    .         Harm     .   (no cloak)
rCorr    .         Rampage  .   (no gloves)
Will     ++...                  n - +2 pair of boots
Stlth    ..........             e - amulet of faith
HPRegen  1.20/turn              s - ring of flight
MPRegen  0.10/turn              A - ring of protection from cold

@: corroded, berserk cooldown, regenerating, slowed, very slow
A: retaliatory headbutt, horns 2
a: Renounce Religion, Evoke Flight, Berserk, Trog's Hand


You were on level 5 of the Dungeon.
You worshipped Trog.
Trog was most pleased with you.
You visited 1 branch of the dungeon, and saw 5 of its levels.

You collected 245 gold pieces.

Inventory:

Hand Weapons
 a - a +0 hand axe (weapon)
 i - a +2 whip of distortion
 o - a +2 whip of freezing
 y - a +1 whip of venom
Armour
 h - a +0 plate armour (worn)
 n - a +2 pair of boots (worn)
 B - a +0 kite shield (worn)
Jewellery
 e - an amulet of faith (around neck)
 r - an uncursed amulet of magic regeneration {unknown}
 s - a ring of flight (left hand)
 A - a ring of protection from cold (right hand)
Wands
 C - a wand of random effects (18)
Scrolls
 b - 2 scrolls of magic mapping
 c - 4 scrolls of amnesia
 d - a scroll of teleportation {unknown}
 l - 2 scrolls of enchant armour
 m - a scroll of enchant weapon {unknown}
 p - 2 scrolls of fear {unknown}
 q - 2 scrolls of fog {unknown}
 t - a scroll of noise {unknown}
 w - a scroll of random uselessness {unknown}
 x - 6 scrolls of remove curse
 E - a scroll of immolation {unknown}
Potions
 f - 3 potions of lignification
 g - a potion of degeneration {unknown}
 j - a potion of haste {unknown}
 k - 4 potions of curing {unknown}
 u - a potion of cancellation {unknown}
 v - a potion of brilliance {unknown}
 z - a potion of might {unknown}
 D - a potion of attraction {unknown}


   Skills:
 + Level 5.8 Fighting
 + Level 5.9 Axes
 + Level 5.2 Armour
 + Level 4.8 Dodging
 + Level 2.3 Shields


You had 6 spell levels left.
You didn't know any spells.
Your spell library was empty.

Dungeon Overview and Level Annotations

Branches:
Dungeon (5/15)
 Temple: D:4-7

Altars:
Trog

Shops:
D:5 ?


Innate Abilities, Weirdness & Mutations

You reflexively headbutt those who attack you in melee.
You have a pair of horns on your head.


Message History

You see here a jackal corpse.
You feel a strong urge to attack something.
You feel your anger nearly subside.
You are no longer berserk.
You are exhausted.
You feel yourself slow down.
There is an entrance to Ugaxte's Magic Scroll Shop here.
The leopard gecko hisses menacingly.
You block the leopard gecko's attack. x2
Your skin crawls.
You feel strong-willed. You block the leopard gecko's attack.
Your plate armour prevents you from hitting the leopard gecko.
The leopard gecko bites you.
* * * LOW HITPOINT WARNING * * *
You block the leopard gecko's attack.
You hit the leopard gecko but do no damage.
The leopard gecko bites you.
* * * LOW HITPOINT WARNING * * *
The leopard gecko bites you.
You die...

## ...# # ## ####### #.... #
#.####...#.#####..... #
#............#..... #
#.............#...#
###########.#.@..∩.......##
##........##..l............##
#.#......#....###...)†#(....##
#..#....#.....#
#####.##.....###
#...#..#....#.# #####(....#.
##...##.(...#.## ##......
##...##........## ##.....
#..#..###........# #.....
##.#.#.# #.......... ##....


You could see a leopard gecko.

Vanquished Creatures
  A centaur (D:5)
  2 jellies (D:5)
  A quasit (D:5)
  A bullfrog zombie (D:5)
  A hound (D:5)
  3 orc priests
  A centaur skeleton (D:4)
  3 orc wizards
  An iguana (D:3)
  2 worker ants
  5 adders
  A white imp (D:5)
  An ooze (D:3)
  A worm (D:2)
  3 dart slugs
  2 leopard geckos
  12 orcs
  9 bats
  7 giant cockroaches
  6 goblins
  11 hobgoblins
  13 jackals
  13 kobolds
  3 quokkas (D:3)
  2 ball pythons
  6 frilled lizards
  11 rats
122 creatures vanquished.

Notes
Turn   | Place    | Note
-------+----------+-------------------------------------------
     0 | D:1      | dtburroughs the Minotaur Berserker began the quest for the
                  | Orb.
     0 | D:1      | Reached XP level 1. HP: 19/19 MP: 0/0
   163 | D:1      | Reached XP level 2. HP: 25/27 MP: 1/1
   656 | D:1      | Reached XP level 3. HP: 33/33 MP: 2/2
   693 | D:1      | Reached ** piety under Trog
  1407 | D:2      | Reached XP level 4. HP: 38/40 MP: 3/3
  2222 | D:3      | Reached XP level 5. HP: 20/47 MP: 4/4
  2801 | D:3      | Reached *** piety under Trog
  3108 | D:3      | Reached skill level 5 in Fighting
  3108 | D:3      | Reached skill level 5 in Axes
  3126 | D:3      | Reached XP level 6. HP: 25/56 MP: 5/5
  4394 | D:4      | Reached skill level 1 in Shields
  4399 | D:4      | Found a bloodstained altar of Trog.
  5373 | D:5      | Entered Level 5 of the Dungeon
  5523 | D:5      | Reached XP level 7. HP: 57/61 MP: 6/6
  5559 | D:5      | Reached skill level 5 in Armour
  5577 | D:5      | Found Ugaxte's Magic Scroll Shop.
  5659 | D:5      | HP: 4/93 [acid (9)]
  5671 | D:5      | HP: 3/62 [leopard gecko (5)]
  5672 | D:5      | Slain by a leopard gecko

Illustrated notes

Levels and vault maps discovered:
D:1:      scummos_arrival_simple_fountains, layout_loops_cross,
          minmay_crystal_water
D:2:      layout_basic, serial_co_window_serial, co_window_corner_a,
          co_window_paths_a, co_window_paths_b, co_window_corner_a,
          co_window_corner_a, co_window_of_opportunity_a,
          co_window_of_opportunity_a, co_window_paths_a, co_window_paths_a,
          co_window_of_opportunity_c, co_window_corner_b, co_window_paths_c,
          co_window_corner_b, co_window_broadway_c, co_window_2corner,
          glass_columns_b, amcnicky_mini_pool_small,
          amcnicky_mini_corridor_feature, minmay_misc_feat_more_columns
D:3:      layout_loops_ring
D:4:      layout_layer_cave, marbit_many_paths
D:5:      layout_cave_pods, overflow_temple_1_default, serial_shops, shop, shop,
          kennysheep_mini, shop, hangedman_decor_slide_cut, doesnt_xom_only_xom

Skill      XL: |  1  2  3  4  5  6  7 |
---------------+----------------------+-----
Fighting       | 4 5 |  5.8
Axes           | 4 5 |  5.9
Armour         | 3 4 5 |  5.2
Dodging        | 3 4 |  4.8
Shields        | 1 2 |  2.3

Action                   |  1- 3 |  4- 6 |  7- 9 || total
-------------------------+-------+-------+-------++-------
Melee: Hand axe          |    93 |   230 |    37 ||   360
       Headbutt          |    11 |    41 |     6 ||    58
Invok: Trog's Hand       |       |     1 |     1 ||     2
       Berserk           |       |       |     1 ||     1
  Use: Scroll            |       |     5 |       ||     5
Armor: Animal skin       |     9 |       |       ||     9
       Plate armour      |    35 |   171 |    35 ||   241
Dodge: Dodged            |    68 |    80 |    11 ||   159
Block: Kite shield       |       |    43 |    29 ||    72
